 Dungeon Crawl Stone Soup version 0.29.0-4-gdea44cf6ec (webtiles) character file.

Game seed: 13935188210513712648

246 qw the Chopper (level 5, 0/46 HPs)
             Began as a Minotaur Fighter on Sept 6, 2022.
             Slain by Pikel
             ... wielding a +2 whip of electrocution
              (5 damage)
             ... on level 4 of the Dungeon.
             The game lasted 00:01:31 (3600 turns).

qw the Chopper (Minotaur Fighter)                   Turns: 3600, Time: 00:01:32

Health: 0/46       AC:  8    Str: 22    XL:     5   Next: 84%
Magic:  4/4        EV:  9    Int:  5    God:
Gold:   150        SH:  4    Dex: 10    Spells: 4/4 levels left

rFire   . . .      SeeInvis .   Y - +0 war axe
rCold   . . .      Faith    .   c - +0 buckler
rNeg    . . .      Spirit   .   b - +0 scale mail
rPois   .          Reflect  .   (helmet restricted)
rElec   .          Harm     .   (no cloak)
rCorr   .          Rampage  .   (no gloves)
Will    .....                   f - +0 pair of boots
Stlth   ..........              g - amulet of regeneration
HPRegen 0.95/turn               (no ring)
MPRegen 0.09/turn               (no ring)

@: about to teleport
A: horns 2, retaliatory headbutt
a: no special abilities


You were on level 4 of the Dungeon.
You visited 1 branch of the dungeon, and saw 4 of its levels.

You collected 296 gold pieces.
You spent 146 gold pieces at shops.


Innate Abilities, Weirdness & Mutations

You have a pair of horns on your head.
You reflexively headbutt those who attack you in melee.


   Skills:
 + Level 3.9 Fighting
 - Level 7.2 Axes
 - Level 3.6 Armour
 - Level 1.0 Dodging
 - Level 3.6 Shields


You had 4 spell levels left.
You didn't know any spells.
Your spell library was empty.

Inventory:

Hand Weapons
 m - a +0 flail
 Y - a +0 war axe (weapon)
Armour
 b - a +0 scale mail (worn)
 c - a +0 buckler (worn)
 f - a +0 pair of boots (worn)
 i - a +0 chain mail
Jewellery
 g - an amulet of regeneration (around neck)
Scrolls
 a - a scroll of identify
 e - a scroll of teleportation
Potions
 d - 2 potions of might
 h - a potion of invisibility {unknown}
 k - a potion of heal wounds {unknown}
 l - 2 potions of haste {unknown}
 n - a potion of mutation {unknown}
 p - 3 potions of brilliance {unknown}
 q - 2 potions of magic {unknown}

Dungeon Overview and Level Annotations

Branches:
Dungeon (4/15)
 Temple: D:4-7

Altars:
Elyvilon
Gozag
Kikubaaqudgha
Nemelex Xobeh
Qazlal
The Shining One

Shops:
D:1 !   D:4 *=[

Annotations:
D:4 Pikel


Message History

You are electrocuted!!
You closely miss Pikel. You headbutt Pikel!
Pikel is moderately wounded.
You block Pikel's attack.
You closely miss Pikel.
Pikel is moderately wounded.
Pikel completely misses you. You furiously retaliate!
You headbutt Pikel, but do no damage. You hit Pikel.
Pikel is moderately wounded.
Pikel closely misses you.
You closely miss Pikel.
Pikel is moderately wounded.
Pikel hits you with a +2 whip of electrocution.
You barely miss Pikel.
Pikel is moderately wounded.
Pikel barely misses you.
Pikel hits you with a +2 whip of electrocution.
You closely miss Pikel.
Pikel is moderately wounded.
Pikel hits you with a +2 whip of electrocution.
You slash Pikel! You headbutt Pikel.
Pikel is heavily wounded.
Pikel hits you with a +2 whip of electrocution!
You are electrocuted!
3597 ||| READING 2 scrolls of teleportation.
As you read the scroll of teleportation, it crumbles to dust.
You feel strangely unstable. Pikel completely misses you.
You hit Pikel but do no damage. You headbutt Pikel, but do no damage.
Pikel is heavily wounded.
Pikel closely misses you.
You hit Pikel but do no damage.
Pikel is heavily wounded.
Pikel barely misses you.
You closely miss Pikel.
Pikel is heavily wounded.
You hit the lemure.
Pikel hits you with a +2 whip of electrocution.
You die...

####.# #.#
#.#######.#####
.....###.# #.#######.#
#######..###.......#.###
##### #......#####.....#
#...# #..#####...#####.#
....# #..'....._.....5.#
#...# ##)#####...#####.#
##.## #.....#####.....#
#.# ###.....5@..#.###
#.# ##.....#K##.# #.#
###..#.###.# #.#
##.......#
#.###########.#######
#.........>...#
###############


You could see Pikel and a lemure.

Vanquished Creatures
  3 lemures (D:4)
  An orc priest (D:3)
  4 orc wizards
  3 adders
  3 dart slugs
  18 orcs
  4 bats
  2 bat zombies (D:4)
  4 endoplasms
  2 giant cockroaches
  4 goblins
  4 hobgoblins
  5 kobolds
  3 quokkas (D:1)
  5 ball pythons
  A frilled lizard (D:1)
  3 rats
  A rat zombie (D:4)
70 creatures vanquished.

Vanquished Creatures (others)
  A butterfly (D:4)
1 creature vanquished.

Grand Total: 71 creatures vanquished

Notes
Turn   | Place    | Note
-------+----------+-------------------------------------------
     0 | D:1      | qw the Minotaur Fighter began the quest for the Orb.
     0 | D:1      | Reached XP level 1. HP: 19/19 MP: 0/0
     0 | D:1      | 0 ||| qw: Version: 0.1-a-108-g9e35731
     0 | D:1      | 0 ||| qw: Game counter: 6311
     0 | D:1      | 0 ||| qw: Always use a shield: true
     0 | D:1      | 0 ||| qw: God list: Ru
     0 | D:1      | 0 ||| qw: Allow faded altars: false
     0 | D:1      | 0 ||| qw: Do Orc after D:15 true
     0 | D:1      | 0 ||| qw: Do second Lair branch before Depths: true
     0 | D:1      | 0 ||| qw: Lair rune preference: random
     0 | D:1      | 0 ||| qw: Plans: Normal
     0 | D:1      | 0 ||| PLANNING D:1-11
   121 | D:1      | Reached skill level 3 in Axes
   221 | D:1      | Reached XP level 2. HP: 26/26 MP: 1/1
   273 | D:1      | Found Wiuzxoon's Distillery.
   404 | D:1      | Found a faded altar of an unknown god.
   457 | D:1      | 457 ||| SHOPLISTING potion of cancellation (104 gold, have
                  | 60).
   457 | D:1      | 457 ||| BUYING potion of curing (39 gold).
   457 | D:1      | Bought a potion of curing for 39 gold pieces
   457 | D:1      | 457 ||| SHOPLISTING potion of heal wounds (65 gold, have
                  | 21).
   700 | D:1      | Reached skill level 4 in Axes
   856 | D:1      | 856 ||| UPGRADING to +0 pair of boots.
   861 | D:1      | 861 ||| UPGRADING to amulet of regeneration.
   866 | D:1      | 866 ||| DROPPING ring of flight.
   867 | D:1      | 867 ||| READING 2 scrolls labelled LUUTRI OBLUPN.
   868 | D:1      | 868 ||| READING scroll labelled SENLI ACRU.
   869 | D:1      | 869 ||| DROPPING scroll of butterflies.
   870 | D:1      | 870 ||| Stepping randomly (stuck).
   871 | D:1      | 871 ||| Stepping randomly (stuck).
   872 | D:1      | 872 ||| Stepping randomly (stuck).
   873 | D:1      | 873 ||| Stepping randomly (stuck).
   927 | D:2      | Reached XP level 3. HP: 31/31 MP: 2/2
   930 | D:2      | You fall into a shaft and drop 1 floor!
   978 | D:3      | 978 ||| DROPPING +0 club.
  1124 | D:3      | Found a sparkling altar of Nemelex Xobeh.
  1124 | D:3      | Found an opulent altar of Gozag.
  1487 | D:2      | 1487 ||| Stepping ~*~*~tactically~*~*~ (stealth).
  1960 | D:2      | 1960 ||| READING 2 scrolls labelled WEENEG WASY.
  1965 | D:2      | 1965 ||| READING scroll labelled DOM COAGRIFRUI.
  1966 | D:2      | 1966 ||| READING scroll labelled ROFEAPP LEPHU.
  2022 | D:3      | Identified the +12 quarterstaff of the Leaping Gods {vamp,
                  | rF+ rN+}
  2377 | D:3      | Reached skill level 5 in Axes
  2475 | D:3      | Reached skill level 1 in Dodging
  2475 | D:3      | Reached XP level 4. HP: 39/39 MP: 3/3
  2478 | D:3      | 2478 ||| DRINKING potion of curing.
  2478 | D:3      | 2478 ||| (to cure confusion)
  2490 | D:3      | Reached skill level 6 in Axes
  2662 | D:3      | 2662 ||| DROPPING +0 mace.
  2731 | D:3      | 2731 ||| DROPPING ring of wizardry.
  2732 | D:3      | 2732 ||| READING scroll labelled CAUVIVECOMP.
  2733 | D:3      | 2733 ||| READING scroll labelled QAEGINNEEVA.
  2734 | D:3      | 2734 ||| DRINKING 2 cyan potions.
  2735 | D:3      | 2735 ||| DROPPING potion of flight.
  2789 | D:4      | Found Ostrecas's Jewellery Shop.
  2797 | D:4      | 2797 ||| SHOPLISTING +6 ring of dexterity (432 gold, have
                  | 172).
  2797 | D:4      | 2797 ||| SHOPLISTING amulet of reflection (360 gold, have
                  | 172).
  2797 | D:4      | 2797 ||| SHOPLISTING ring of Equilibrium {AC+4 Str+2} (566
                  | gold, have 172).
  2797 | D:4      | 2797 ||| SHOPLISTING ring of fire (300 gold, have 172).
  2797 | D:4      | 2797 ||| SHOPLISTING ring of willpower (300 gold, have
                  | 172).
  2842 | D:4      | Found Woegeerph's Assorted Antiques.
  2850 | D:4      | 2850 ||| BUYING black potion (22 gold).
  2850 | D:4      | Bought a black potion for 22 gold pieces
  2850 | D:4      | 2850 ||| BUYING murky orange potion (22 gold).
  2850 | D:4      | Bought a murky orange potion for 22 gold pieces
  2881 | D:4      | 2881 ||| Stepping ~*~*~tactically~*~*~ (hiding).
  2884 | D:4      | Found Biosoed's Armour Shoppe.
  2887 | D:4      | Reached XP level 5. HP: 45/45 MP: 4/4
  2931 | D:4      | 2931 ||| BUYING +0 chain mail (63 gold).
  2931 | D:4      | Bought a +0 chain mail for 63 gold pieces
  2964 | D:4      | Found a glowing golden altar of the Shining One.
  3135 | D:4      | 3135 ||| DROPPING +1 whip of venom.
  3175 | D:4      | 3175 ||| Stepping ~*~*~tactically~*~*~ (stealth).
  3177 | D:4      | 3177 ||| Stepping ~*~*~tactically~*~*~ (stealth).
  3186 | D:4      | 3186 ||| Stepping ~*~*~tactically~*~*~ (stealth).
  3198 | D:4      | 3198 ||| Stepping ~*~*~tactically~*~*~ (stealth).
  3199 | D:4      | 3199 ||| Stepping ~*~*~tactically~*~*~ (stealth).
  3202 | D:4      | 3202 ||| Stepping ~*~*~tactically~*~*~ (stealth).
  3218 | D:4      | Reached skill level 7 in Axes
  3241 | D:4      | Found a white marble altar of Elyvilon.
  3322 | D:4      | Found an ancient bone altar of Kikubaaqudgha.
  3345 | D:4      | 3345 ||| FLEEEEING.
  3454 | D:4      | Found a stormy altar of Qazlal.
  3493 | D:4      | Noticed a lemure
  3493 | D:4      | Noticed a lemure
  3493 | D:4      | Noticed a lemure
  3494 | D:4      | Noticed Pikel
  3494 | D:4      | 3494 ||| Stepping ~*~*~tactically~*~*~ (stealth).
  3502 | D:4      | Killed a lemure
  3511 | D:4      | Killed a lemure
  3518 | D:4      | Killed a lemure
  3580 | D:4      | Noticed a lemure
  3581 | D:4      | 3581 ||| Stepping ~*~*~tactically~*~*~ (stealth).
  3596 | D:4      | HP: 1/46 [Pikel/+2 whip of electrocution (15)]
  3597 | D:4      | 3597 ||| READING 2 scrolls of teleportation.
  3600 | D:4      | Slain by Pikel

Levels and vault maps discovered:
D:1:      psy_arrival_conway, layout_loops_ring, serial_shops,
          nicolae_shop_statue_plus, basic_ecumenical_altar, minmay_quantized
D:2:      layout_loops_corners
D:3:      layout_basic, grunt_temple_overflow_opulence,
          minmay_misc_feat_enclosed, kennysheep_generic_room_6
D:4:      layout_loops_ring, mainiacjoe_overflow_alcove_2,
          mainiacjoe_overflow_surrounded_room, nicolae_elyvilon_peaceful_grove,
          lemuel_zombie_altar_kikubaaqudgha, serial_shops, shop_fountains, shop,
          nicolae_shop_statue_plus, uniq_pikel

Skill      XL: |  1  2  3  4  5 |
---------------+----------------+-----
Axes           | 3 4 5 6 7 |  7.2
Dodging        | 1 |  1.0
Fighting       | |  3.9
Armour         | |  3.6
Shields        | |  3.6

Action                   |  1- 3 |  4- 6 || total
-------------------------+-------+-------++-------
Melee: War axe           |    85 |   105 ||   190
       Headbutt          |    12 |    11 ||    23
  Use: Scroll            |     5 |     3 ||     8
       Potion            |       |     2 ||     2
Armor: Scale mail        |    16 |    41 ||    57
Dodge: Dodged            |    32 |    34 ||    66
Block: Buckler           |    10 |    17 ||    27

Table legend:
 A = Non-vault XP
 B = Vault XP
 C = Vault XP percentage of total XP
 D = Non-vault monster count
 E = Vault monster count
 F = Vault count percentage of total count
                 A         B        C        D         E       F
            +---------+---------+-------+---------+---------+-------
      Total |     338 |      14 |   4.0 |      59 |       8 |  11.9
            +---------+---------+-------+---------+---------+-------
        D:1 |      32 |       6 |  15.8 |      17 |       3 |  15.0
        D:2 |       7 |       0 |   0.0 |       4 |       0 |   0.0
        D:3 |     139 |       3 |   2.1 |      18 |       2 |  10.0
        D:4 |     160 |       5 |   3.0 |      20 |       3 |  13.0
            +---------+---------+-------+---------+---------+-------
